 Dungeon Crawl Stone Soup version 0.28.0-45-g0d030f2227 (webtiles) character file.

Game seed: 13774410799099290001

36 H0rd4k the Magician (level 3, 0/19 HPs)
             Began as a Deep Elf Hedge Wizard on Mar 31, 2022.
             Succumbed to a goblin's poison
             ... on level 2 of the Dungeon.
             The game lasted 00:01:16 (1136 turns).

H0rd4k the Magician (Deep Elf Hedge Wizard)         Turns: 1136, Time: 00:01:16

Health: 0/19       AC:  2    Str:  6 (7)  XL:     3   Next: 19%
Magic:  10/12      EV: 12    Int: 19 (20) God:
Gold:   55         SH:  0    Dex: 13 (14) Spells: 4/13 levels left

rFire   . . .      SeeInvis .   a - +0 dagger
rCold   . . .      Faith    .   (no shield)
rNeg    . . .      Spirit   .   b - +0 robe
rPois   .          Reflect  .   c - +0 hat
rElec   .          Harm     .   (no cloak)
rCorr   .          Rampage  .   (no gloves)
Will    .....                   (no boots)
Stlth   ++........              (no amulet)
HPRegen 0.06/turn               (no ring)
MPRegen 0.13/turn               (no ring)

@: lethally poisoned (0 -> -3)
A: no striking features
a: no special abilities


You were on level 2 of the Dungeon.
You visited 1 branch of the dungeon, and saw 2 of its levels.

You collected 55 gold pieces.

Inventory:

Hand Weapons
 a - a +0 dagger (weapon)
Armour
 b - a +0 robe (worn)
 c - a +0 hat (worn)
Scrolls
 h - a scroll of fog {unknown}
Potions
 e - a potion of flight {unknown}
 f - a potion of mutation {unknown}
 g - a potion of might {unknown}


   Skills:
 + Level 2.5 Dodging
 - Level 2.8 Stealth
 + Level 5.5 Spellcasting
 + Level 1.3 Conjurations
 + Level 1.1 Summonings
 + Level 1.1 Translocations
 * Level 0.2 Air Magic


You had 4 spell levels left.
You knew the following spells:

 Your Spells              Type           Power      Damage    Failure   Level
a - Magic Dart            Conj           40%        1d5       7%          1
b - Blink                 Tloc           18%        N/A       11%         2
c - Conjure Flame         Conj/Fire      8%         6-21      26%         3
d - Mephitic Cloud        Conj/Pois/Air  7%         N/A       28%         3

Your spell library contained the following spells:

 Spells                   Type           Power      Damage    Failure   Level
 Call Imp                 Summ           9%         N/A       11%         2
 Slow                     Hex            20%        N/A       12%         1


Dungeon Overview and Level Annotations

Branches:
Dungeon (2/15)

Altars:
Trog

Annotations:
D:1 exclusion: downstairs
D:2 Robin


Message History

You can't see any susceptible monsters within range! (Use Z to cast anyway.)
You can't see any susceptible monsters within range! (Use Z to cast anyway.) Robin is nearby!
Robin is nearby!
Robin is nearby!
Robin shouts!
Robin throws the goblin at you!
The goblin shouts!
The goblin hits you with a +2 dagger of venom.
You are poisoned.
You hear a shout!
The magic dart hits the goblin.
You kill the goblin!
You feel very sick.
You hear a shout! x2
The magic dart hits Robin but does no damage.
You feel very sick.
Robin roars a battlecry!
You feel sick.
Things that are here:
a +2 dagger of venom; a goblin corpse You are too injured to fight recklessly!
A hobgoblin and 5 goblins come into view.
You feel sick.
The goblin shouts! x4
The goblin unwields a +0 dagger.
The goblin wields a +0 hunting sling.
The goblin shoots a stone.
The stone hits you.
* * * LOW HITPOINT WARNING * * *
You closely miss the goblin.
* * * LOW HITPOINT WARNING * * *
You feel sick. The goblin barely misses you.
Unknown command.
Found 7 gold pieces.
* * * LOW HITPOINT WARNING * * *
You feel sick.
The goblin shoots a stone.
The stone hits you but does no damage.
It was a potion of degeneration.
There was something very wrong with that liquid.
You feel weakened.
You feel dopey.
You feel clumsy.
You die...

#.........# ###
#.........# #..
#.........#####.#
#.............#.#
..............#.#
...........g.g#.# .
....#####..gg...# ..#
....#####...g...###....$
....#...#.#####g@)...#
....#...#.....g......#
....#........#########
....#........#
.............#
###.###.....†# #.#
#......# #.# #.....†#
#†# #...†..#


You could see Robin, a hobgoblin (strong) and 5 goblins.

Vanquished Creatures
  2 endoplasms
  8 goblins
  6 jackals
  4 kobolds
  10 ball pythons (D:1)
  A rat (D:2)
31 creatures vanquished.

Notes
Turn   | Place    | Note
-------+----------+-------------------------------------------
     0 | D:1      | H0rd4k the Deep Elf Hedge Wizard began the quest for the
                  | Orb.
     0 | D:1      | Reached XP level 1. HP: 10/10 MP: 7/7
   285 | D:1      | Reached XP level 2. HP: 15/15 MP: 6/9
   450 | D:1      | Reached skill level 5 in Spellcasting
   539 | D:1      | Found a faded altar of an unknown god.
   803 | D:2      | Noticed Robin
   944 | D:2      | Reached XP level 3. HP: 19/19 MP: 9/11
   947 | D:2      | Learned a level 2 spell: Blink
   951 | D:2      | Learned a level 3 spell: Conjure Flame
   955 | D:2      | Learned a level 3 spell: Mephitic Cloud
  1061 | D:2      | Found a bloodstained altar of Trog.
  1136 | D:2      | Succumbed to a goblin's poison

Illustrated notes

Levels and vault maps discovered:
D:1:      ebering_trefoil_3fold, layout_basic, nicolae_ecumenical_snake_handling
D:2:      layout_basic, basic_altar, grunt_decor_one_mirror, serial_park_tiny_2,
          chequers_serial_rivers_small_a, uniq_robin

Skill      XL: |  1  2 |
---------------+-------+-----
Spellcasting   | 5 |  5.5
Dodging        | |  2.5
Stealth        | |  2.8
Conjurations   | |  1.3
Summonings     | |  1.1
Translocations | |  1.1
Air Magic      | |  0.2

Action                   || total
-------------------------++-------
Melee: Dagger            ||     1
 Cast: Magic Dart        ||    62
  Use: Potion            ||     1
Armor: Robe              ||     5
Dodge: Dodged            ||     7
